[Event "Early-Titled-Tuesday-Blitz-January-16-2024"]
[Site "Chess.com"]
[Date "2024.01.16"]
[Round "3"]
[White "inagreV"]
[Black "campochess"]
[Result "0-1"]
[WhiteElo "2377"]
[BlackElo "2111"]
[TimeControl "180+1"]
[EndTime "8:28:02 PST"]
[Termination "campochess won by resignation"]

1. d4 c5 2. d5 Nf6 3. Nc3 g6 4.
e4 d6 5. f4 Bg7 6. Bb5+ Bd7 7.
e5 Ng8 8. Bxd7+ Qxd7 9. Qe2 a6 10. Nf3 Nh6 11. e6 fxe6 12. Ng5 O-O 13. Nxe6 Nf5 14. Nxf8 Kxf8 15. O-O b5 16. Ne4 Nd4 17. Qd1 Qf5 18. Ng5 Qxc2 19. Ne6+ Kg8 20. Nxg7 Qxd1 21. Rxd1 Kxg7 22.
Be3 Nc2 23. Bd2 Nxa1 24. Bc3+ Kf7 25. Rxa1 Nd7 26. Re1 Nb6 27. b3 Nxd5 28. Bb2 Nb4 29.
Re3 e6 30. a3 Nd5 31. Rh3 h5 32. Rf3 Rc8 33. h3 c4 34. bxc4 Rxc4 35. g3 Rc2 36.
Bd4 a5 37. g4 hxg4 38. hxg4 Rc4 0-1

[Event "Early-Titled-Tuesday-Blitz-January-16-2024"]
[Site "Chess.com"]
[Date "2024.01.16"]
[Round "3"]
[White "K_A_S_T_O_R"]
[Black "Aguiar94"]
[Result "1-0"]
[WhiteElo "2902"]
[BlackElo "2524"]
[TimeControl "180+1"]
[EndTime "8:28:07 PST"]
[Termination "K_A_S_T_O_R won by resignation"]

1. e4 c5 2. Nf3 Nc6 3. d4 cxd4 4. Nxd4 e6 5. Nb5 d6 6. c4 a6 7. N5c3 Nf6 8. Be2 Be7 9. O-O O-O 10. Na3 b6 11. Be3 Bb7 12. Rc1 Rc8 13. Qd2 Ne5 14.
f3 Qc7 15. Rfd1 Rfe8 16. Kh1 Ned7 17. Bf1 Qb8 18. Rc2 d5 19. exd5 exd5 20. Nxd5 Nxd5 21. cxd5 Rxc2 22. Nxc2 Bd6 23. Bg1 Nf6 24. Bc4 b5 25. Bb3 h5 26. Nb4 Bf4 27. Qf2 Qd6 28. Nd3 Be3 29. Qg3 Qxg3 30. hxg3 Bxg1 31. Kxg1 Bxd5 32. Bxd5 Nxd5 33. Nc5 Nc7 34. Rd7 Rc8 35. b4 Kf8 36. Rd6 a5 37. Rc6 Ne8 38. Rxc8 1-0

[Event "Early-Titled-Tuesday-Blitz-January-16-2024"]
[Site "Chess.com"]
[Date "2024.01.16"]
[Round "3"]
[White "Roedor"]
[Black "Felix-Rose"]
[Result "0-1"]
[WhiteElo "2407"]
[BlackElo "2218"]
[TimeControl "180+1"]
[EndTime "8:28:10 PST"]
[Termination "Felix-Rose won on time"]

1. d4 d5 2. c4 e6 3. Nf3 Nf6 4. g3 dxc4 5. Bg2 a6 6. O-O Nc6 7. e3 Bd7 8. Qe2 b5 9. b3 cxb3 10. axb3 Bd6 11. Bb2 Qe7 12. Ne5 Bxe5 13. dxe5 Nd5 14.
Nd2 O-O 15. Rfc1 Rfc8 16. Ne4 Be8 17. h4 h6 18. Nc5 Ncb4 19. Ba3 a5 20. e4 Nb6 21.
Nd3 c5 22. Nf4 c4 23. bxc4 Nxc4 0-1

[Event "Early-Titled-Tuesday-Blitz-January-16-2024"]
[Site "Chess.com"]
[Date "2024.01.16"]
[Round "3"]
[White "KVAIDAN"]
[Black "A-Fier"]
[Result "0-1"]
[WhiteElo "2403"]
[BlackElo "2809"]
[TimeControl "180+1"]
[EndTime "8:28:11 PST"]
[Termination "A-Fier won by resignation"]

1. f4 f5 2. e4 fxe4 3. d3 e5 4. dxe4 Nf6 5. Nf3 d6 6. Nc3 Nc6 7. Bc4 Bg4 8. Be3 Qd7 9. O-O O-O-O 10. Bb5 a6 11. Bxc6 Qxc6 12. Qe2 Nxe4 13. Nxe4 Qxe4 14. h3 exf4 15. hxg4 Qxe3+ 16. Qxe3 fxe3 17. c4 g6 18. Ng5 Re8 19. Rf7 Bh6 20. Nf3 Rhf8 21. Rxf8 Bxf8 22. Kf1 Bg7 23. Rb1 Re4 24. Ke2 Rxg4 25. Kxe3 Rxg2 26.
b4 Rxa2 27. Rh1 h5 28. Rg1 Bh6+ 29. Kd3 Ra3+ 30. Ke2 g5 31. Nxg5 Bxg5 32. Rxg5 Rb3 33. b5 axb5 34. cxb5 h4 35. Kf2 h3 36. Rh5 Kb8 37. Ke2 Ka7 38. Kd2 Kb6 39. Kc2 Rg3 40. Kb2 Rg2+ 41. Kb3 h2 42. Kb4 d5 43. Kc3 c6 44. bxc6 bxc6 45. Kd4 Ra2 46. Rh8 Rd2+ 47. Kc3 Rg2 48. Kd4 Kb5 49. Rb8+ Ka4 50. Rh8 Kb3 51. Rh3+ Kc2 52. Kc5 Kd2 53. Kd4 Ke2 54. Kc5 Kf2 55.
Rh8 Kg1 56. Kxc6 d4 0-1

[Event "Early-Titled-Tuesday-Blitz-January-16-2024"]
[Site "Chess.com"]
[Date "2024.01.16"]
[Round "3"]
[White "bazar-wokzal"]
[Black "garfield_pg"]
[Result "1-0"]
[WhiteElo "2609"]
[BlackElo "2405"]
[TimeControl "180+1"]
[EndTime "8:28:13 PST"]
[Termination "bazar-wokzal won on time"]

1. e4 c5 2. c3 Nf6 3. e5 Nd5 4. d4 cxd4 5. cxd4 d6 6. Bc4 Nb6 7. Bb3 dxe5 8. Qh5 e6 9. dxe5 Nc6 10. Nc3 Nd4 11. Bd1 Be7 12. Nf3 O-O 13. O-O a6 14.
Re1 Nxf3+ 15. Bxf3 Qc7 16. Bf4 Nc4 17. Be4 g6 18. Qh6 Rd8 19. Rac1 Qa5 20. b3 Na3 21.
Re3 Bf8 22. Qh4 Nb5 23. Nxb5 axb5 24. Rh3 h5 25. Bg5 Rd4 26. Be3 Rd7 27. g4 1-0

[Event "Early-Titled-Tuesday-Blitz-January-16-2024"]
[Site "Chess.com"]
[Date "2024.01.16"]
[Round "3"]
[White "ChainedDowntohell"]
[Black "Nechitaylo_Nikita"]
[Result "0-1"]
[WhiteElo "2560"]
[BlackElo "2319"]
[TimeControl "180+1"]
[EndTime "8:28:16 PST"]
[Termination "Nechitaylo_Nikita won by checkmate"]

1. d4 Nf6 2. c4 e6 3. Nf3 c5 4.
g3 cxd4 5. Bg2 Bc5 6. Nxd4 Qb6 7. e3 Nc6 8. Nb3 O-O 9. O-O d6 10.
Nc3 Ne5 11. Na4 Qc7 12. Nbxc5 dxc5 13. b3 Rd8 14. Qc2 Bd7 15. Bb2 Rab8 16. h3 a6 17. Rfd1 Bxa4 18. bxa4 Ne8 19. Qc3 f6 20. Ba3 Nd6 21.
Bf1 Ne4 22. Qc2 f5 23. Bb2 Nf3+ 24. Kh1 Rxd1 25. Rxd1 Rd8 26. Rxd8+ Qxd8 27. Bg2 Qd1+ 28. Qxd1 Nxf2# 0-1

[Event "Early-Titled-Tuesday-Blitz-January-16-2024"]
[Site "Chess.com"]
[Date "2024.01.16"]
[Round "3"]
[White "Zapateado"]
[Black "ahkashefi2800"]
[Result "0-1"]
[WhiteElo "2361"]
[BlackElo "2553"]
[TimeControl "180+1"]
[EndTime "8:28:16 PST"]
[Termination "ahkashefi2800 won on time"]

1. c4 c6 2. e4 d5 3. cxd5 cxd5 4. exd5 Nf6 5. Nc3 g6 6. Bc4 Bg7 7. Nf3 O-O 8. O-O Nbd7 9. Qb3 Nc5 10. Qd1 Bf5 11. d4 Nce4 12. Qb3 Nd6 13. Be2 a6 14. a4 Rc8 15. Bf4 Nfe4 16. Nxe4 Bxe4 17. Rac1 Qd7 18. Bxd6 exd6 19. Rfd1 Bh6 20. Rc3 Rfe8 21. Bf1 Rxc3 22. Qxc3 Rc8 23. Qa3 Bxd5 24. b4 Qf5 25. b5 Bxf3 26.
Qxf3 Qxf3 27. gxf3 a5 28. Re1 Bg7 29. Re7 b6 30. d5 Bd4 31. Rd7 Bc5 32. Bh3 Re8 33.
Kg2 Re2 34. Rd8+ Kg7 35. Rd7 Rxf2+ 36. Kg3 Kf8 37. Rc7 Rc2 38. Kg4 h5+ 0-1

[Event "Early-Titled-Tuesday-Blitz-January-16-2024"]
[Site "Chess.com"]
[Date "2024.01.16"]
[Round "3"]
[White "cristianserban1"]
[Black "larsmandreassen"]
[Result "0-1"]
[WhiteElo "2536"]
[BlackElo "2228"]
[TimeControl "180+1"]
[EndTime "8:28:17 PST"]
[Termination "larsmandreassen won on time"]

1. Nf3 d5 2. b3 e6 3. Bb2 Nf6 4. e3 Be7 5. c4 O-O 6. Nc3 b6 7.
cxd5 exd5 8. d4 Be6 9. Bd3 c5 10. O-O Nc6 11. Be2 Rc8 12. Rc1 Re8 13. Rc2 Nb4 14.
Rd2 c4 15. a3 Na6 16. bxc4 dxc4 17. d5 Bd7 18. Ne5 b5 19. Ng4 Nxg4 20. Bxg4 Bf6 21. Re1 Nc5 22. Bxd7 Qxd7 23. e4 Nd3 24. Rxd3 cxd3 25. Qxd3 a6 26. f4 Qa7+ 27. Kf1 Rc4 28. Nxb5 axb5 29. Bxf6 gxf6 30. Qg3+ Kh8 31. Qh4 Qe7 0-1

[Event "Early-Titled-Tuesday-Blitz-January-16-2024"]
[Site "Chess.com"]
[Date "2024.01.16"]
[Round "3"]
[White "DonJuanEGenaro"]
[Black "InitiatingASC"]
[Result "0-1"]
[WhiteElo "1868"]
[BlackElo "2421"]
[TimeControl "180+1"]
[EndTime "8:28:17 PST"]
[Termination "InitiatingASC won by resignation"]

1. d4 d5 2. c4 e6 3. Nf3 c5 4.
e3 Nc6 5. Nc3 Nf6 6. Be2 a6 7.
a3 dxc4 8. Bxc4 b5 9. Ba2 cxd4 10.
exd4 Bb7 11. d5 exd5 12. Nxd5 Nxd5 13. Bxd5 Be7 14. O-O O-O 15. Re1 Bf6 16. Bxc6 Bxc6 17. Qxd8 Rfxd8 18. Bg5 Bxb2 19. Bxd8 Bxa1 20. Rxa1 Rxd8 21.
Ne5 Bd5 22. Nd3 Rc8 23. Nb4 Bb7 24. f3 g6 25. Kf2 Kg7 26. h4 Rc3 27. Rd1 a5 28.
Nd5 Rxa3 29. g4 Bxd5 30. Rxd5 b4 31. Rb5 b3 32. f4 Ra2+ 33. Ke3 a4 34. h5 Rh2 35. hxg6 hxg6 36. Kf3 a3 37. Kg3 Rb2 0-1

[Event "Early-Titled-Tuesday-Blitz-January-16-2024"]
[Site "Chess.com"]
[Date "2024.01.16"]
[Round "3"]
[White "Aygehovit1992"]
[Black "JimDiGrease"]
[Result "0-1"]
[WhiteElo "2727"]
[BlackElo "3003"]
[TimeControl "180+1"]
[EndTime "8:28:20 PST"]
[Termination "JimDiGrease won by resignation"]

1. e4 c5 2. Nf3 e6 3. d4 cxd4 4. Nxd4 Nf6 5. Nc3 Nc6 6. a3 Qc7 7. Ndb5 Qb8 8. Qd3 a6 9. Nd4 Qc7 10. Nxc6 bxc6 11. Qg3 d6 12. Bd3 e5 13. h4 Be6 14. h5 h6 15. f4 exf4 16. Bxf4 Be7 17. e5 dxe5 18. Bxe5 Qa5 19. O-O-O Ng4 20. Bxg7 Qg5+ 21.
Kb1 Qxg7 22. Be4 O-O 23. Rhf1 Bf6 24. Ka1 Rab8 25. Na4 Bxb2+ 0-1

[Event "Early-Titled-Tuesday-Blitz-January-16-2024"]
[Site "Chess.com"]
[Date "2024.01.16"]
[Round "3"]
[White "UNSTOPPABLE_LEGEND"]
[Black "scarabee43"]
[Result "0-1"]
[WhiteElo "2511"]
[BlackElo "2816"]
[TimeControl "180+1"]
[EndTime "8:28:20 PST"]
[Termination "scarabee43 won by resignation"]

1. e4 c5 2. Nf3 e6 3. d4 cxd4 4. Nxd4 Nc6 5. Nc3 Qc7 6. Be3 a6 7. Qf3 Ne5 8. Qg3 b5 9. O-O-O Nf6 10. f4 Neg4 11. Bg1 h5 12. Bd3 Bb7 13. e5 Nd5 14. Nxd5 Bxd5 15. Kb1 g5 16. f5 Qxe5 17.
Qh3 Bg7 18. c3 Qf4 19. Rf1 Qd2 20. Be2 Bxd4 21. Bxd4 Qxe2 22. Bxh8 Be4+ 23. Ka1 Bxg2 24. Qxh5 Bxf1 25. b3 O-O-O 26. Bd4 Qd1+ 27. Kb2 Qd2+ 28.
Ka3 Bg2 29. Rg1 exf5 30. Qxf7 Be4 31. Qe7 Qxh2 32. Re1 Qc7 33. Qb4 Ne5 34. Rd1 Nc6 35.
Qc5 d6 36. Qb6 Nxd4 37. Qxd4 Qc5+ 38. Qxc5+ dxc5 0-1

[Event "Early-Titled-Tuesday-Blitz-January-16-2024"]
[Site "Chess.com"]
[Date "2024.01.16"]
[Round "3"]
[White "pfalcon1949"]
[Black "Keures"]
[Result "1-0"]
[WhiteElo "1979"]
[BlackElo "2337"]
[TimeControl "180+1"]
[EndTime "8:28:20 PST"]
[Termination "pfalcon1949 won by checkmate"]

1. e4 e6 2. d4 d5 3. Nc3 Nf6 4. e5 Ne4 5. Nxe4 dxe4 6. f3 c5 7. c3 Nc6 8. fxe4 cxd4 9. Bb5 Qh4+ 10. Kf1 Bd7 11. Nf3 Qxe4 12. Bxc6 Bxc6 13. Qxd4 Bb5+ 14. Kg1 Qc6 15. Be3 b6 16. Qf4 Bc5 17. h3 O-O 18.
Kh2 Rad8 19. Rhe1 Rd3 20. Bxc5 Qxc5 21. Ng5 Bc6 22. Rad1 Rd5 23. Rxd5 Qxd5 24. Re2 h6 25. Ne4 Qxa2 26. Nf6+ gxf6 27. Qxh6 Qd5 28. exf6 Qd6+ 29. g3 Qd3 30. Qg7# 1-0

[Event "Early-Titled-Tuesday-Blitz-January-16-2024"]
[Site "Chess.com"]
[Date "2024.01.16"]
[Round "3"]
[White "Lady_Nika"]
[Black "AndresDelgado77"]
[Result "1-0"]
[WhiteElo "2603"]
[BlackElo "2373"]
[TimeControl "180+1"]
[EndTime "8:28:24 PST"]
[Termination "Lady_Nika won by checkmate"]

1. d4 Nf6 2. e3 g6 3. f4 Bg7 4. Nf3 c5 5. c3 d6 6. Be2 O-O 7.
O-O a6 8. Na3 Nc6 9. d5 Nb8 10.
c4 Bg4 11. h3 Bxf3 12. Bxf3 Nbd7 13. Qe2 Rb8 14. e4 Qc7 15. Re1 e5 16. dxe6 fxe6 17. Be3 e5 18. f5 gxf5 19. exf5 e4 20. Bg4 Ne5 21. Bg5 Rbe8 22. Bxf6 Bxf6 23. Qxe4 b5 24. Bh5 Re7 25. cxb5 c4 26. Qd5+ Kh8 27.
bxa6 Qb6+ 28. Kh2 Qxb2 29. Qxd6 Qf2 30. Rad1 Qf4+ 31. Kh1 Qxf5 32. Rf1 Qxh5 33. Rxf6 Qxd1+ 34. Qxd1 Rxf6 35. Qd8+ Rf8 36. Qxf8# 1-0

[Event "Early-Titled-Tuesday-Blitz-January-16-2024"]
[Site "Chess.com"]
[Date "2024.01.16"]
[Round "3"]
[White "MetiForce"]
[Black "Joshukid"]
[Result "1/2-1/2"]
[WhiteElo "2868"]
[BlackElo "2608"]
[TimeControl "180+1"]
[EndTime "8:28:26 PST"]
[Termination "Game drawn by repetition"]

1. d4 d5 2. c4 e6 3. Nf3 Nf6 4. g3 dxc4 5. Bg2 Nc6 6. Qa4 Bb4+ 7. Bd2 Bxd2+ 8. Nbxd2 O-O 9. Qxc4 Qd5 10. O-O Qxc4 11.
Nxc4 Rd8 12. e3 Rb8 13. Rfc1 Nb4 14. a3 Nbd5 15. b4 c6 16. Na5 Bd7 17. Ne5 Be8 18.
Rab1 Nd7 19. Nd3 N7b6 20. Nc5 Rd7 21. Nxd7 Bxd7 22. Nb3 Kf8 23. Nc5 Ke7 24. a4 a6 25.
e4 Nc7 26. f4 Be8 27. Kf2 f6 28. Ke3 h5 29. h4 Bg6 30. Bf1 Ne8 31. Bh3 Nc7 32.
b5 axb5 33. axb5 Nxb5 34. Bxe6 Rd8 35. f5 Be8 36. Nxb7 Ra8 37. Rxb5 cxb5 38. Rc7+ Kf8 39.
Nd6 b4 40. Rb7 Ra3+ 41. Kf4 Na4 42. Rb8 Ke7 43. e5 fxe5+ 44. dxe5 Bc6 45. Rc8 Rf3+ 46.
Kg5 Rxg3+ 47. Kf4 Rf3+ 48. Kg5 Rg3+ 49. Kf4 Rf3+ 50. Kg5 Rg3+ 1/2-1/2

[Event "Early-Titled-Tuesday-Blitz-January-16-2024"]
[Site "Chess.com"]
[Date "2024.01.16"]
[Round "3"]
[White "Firouzja2003"]
[Black "Andrey_Klymchuk"]
[Result "1-0"]
[WhiteElo "3160"]
[BlackElo "2799"]
[TimeControl "180+1"]
[EndTime "8:28:27 PST"]
[Termination "Firouzja2003 won by resignation"]

1. e4 c5 2. Nf3 Nc6 3. d4 cxd4 4. Nxd4 g6 5. c4 d6 6. Be3 Nf6 7. f3 Bg7 8. Nc3 O-O 9. Qd2 Bd7 10. Be2 Nxd4 11. Bxd4 a5 12. O-O Bc6 13. b3 Nd7 14. Be3 Nc5 15. Rfc1 Be5 16. Rab1 e6 17. Bf2 f5 18.
exf5 Rxf5 19. Nd1 Bf4 20. Be3 e5 21. Bxf4 Rxf4 22. Nf2 Qe7 23. Rd1 Rd4 24. Qe3 Rxd1+ 25. Rxd1 Ne6 26. Bf1 Rf8 27. Rd2 Rf4 28. Nh3 Rf7 29. Bd3 Qh4 30. Be4 Bxe4 31. Qxe4 Qxe4 32. fxe4 Rd7 33. Kf2 Kf7 34. Ke3 Ke7 35. Nf2 Nc5 36. Nd1 Ke6 37. Nc3 b6 38. Nd5 Rb7 39. Rf2 b5 40. cxb5 Rxb5 41. Nc7+ 1-0

[Event "Early-Titled-Tuesday-Blitz-January-16-2024"]
[Site "Chess.com"]
[Date "2024.01.16"]
[Round "3"]
[White "aghasiyevkamal"]
[Black "KanalSzachowy"]
[Result "0-1"]
[WhiteElo "2620"]
[BlackElo "2333"]
[TimeControl "180+1"]
[EndTime "8:28:27 PST"]
[Termination "KanalSzachowy won by resignation"]

1. e4 c5 2. Nf3 Nc6 3. d4 cxd4 4. Nxd4 Nf6 5. Nc3 e5 6. Ndb5 Bb4 7. a3 Bxc3+ 8.
Nxc3 d6 9. Be3 Ng4 10. Qd2 Nxe3 11. Qxe3 O-O 12. Bc4 Be6 13. Bd5 Nd4 14. Rc1 Rc8 15.
O-O Qb6 16. Rb1 Qa6 17. Qd2 Rc7 18. Bxe6 fxe6 19. f4 Qb6 20. Kh1 Rcf7 21. f5 exf5 22. Nd5 Qc6 23. c3 fxe4 24. Rxf7 Rxf7 25. Nb4 Qc4 26. h3 Rf1+ 27. Rxf1 Qxf1+ 28. Kh2 Ne2 29. Qe3 Qf4+ 30. Qxf4 exf4 31. Nd5 Kf7 32. h4 Ke6 33. c4 Ke5 0-1

[Event "Early-Titled-Tuesday-Blitz-January-16-2024"]
[Site "Chess.com"]
[Date "2024.01.16"]
[Round "3"]
[White "Darkbluelord"]
[Black "PapaieDudu"]
[Result "0-1"]
[WhiteElo "2176"]
[BlackElo "2416"]
[TimeControl "180+1"]
[EndTime "8:28:27 PST"]
[Termination "PapaieDudu won on time"]

1. e4 c5 2. Nc3 e6 3. f4 d5 4.
Nf3 d4 5. Bb5+ Nd7 6. Ne2 a6 7. Bd3 b5 8. b3 Qc7 9. c4 dxc3 10. dxc3 Ngf6 11. Ng3 Be7 12. O-O Bb7 13. Re1 Rd8 14.
Qe2 O-O 15. Bb2 c4 16. bxc4 Nc5 17. Bc2 Na4 18. Bxa4 bxa4 19. e5 Ng4 20. h3 Nh6 21. Rab1 Rd7 22. Ne4 Rfd8 23. Nfg5 Nf5 24. Qh5 Bc5+ 25.
Kh2 h6 26. Nf3 Bf2 27. Nxf2 Qxc4 28. Re4 Bxe4 29. Nxe4 Qxe4 30. Re1 Qxf4+ 31. Kg1 Ne3 32. Bc1 Rd1 33. Kf2 Rxc1 34. Rxe3 Rd2+ 35. Re2 Rxe2+ 36. Kxe2 Rc2+ 37. Kd3 Qc1 38. Qg4 Rxc3+ 39. Ke2 Qe3+ 0-1

[Event "Early-Titled-Tuesday-Blitz-January-16-2024"]
[Site "Chess.com"]
[Date "2024.01.16"]
[Round "3"]
[White "GMKrikor"]
[Black "jefferyx"]
[Result "0-1"]
[WhiteElo "2751"]
[BlackElo "3029"]
[TimeControl "180+1"]
[EndTime "8:28:28 PST"]
[Termination "jefferyx won by resignation"]

1. Nf3 c5 2. c4 Nf6 3. Nc3 d5 4. cxd5 Nxd5 5. e3 e6 6. Nxd5 exd5 7. b4 c4 8. Bb2 Bxb4 9. Bxg7 Rg8 10. Bb2 Nc6 11. Qc2 Rg6 12. Bc3 Qe7 13. Rb1 a5 14. a3 Bxa3 15. Qa4 Bf5 16. Rb5 O-O-O 17. Nd4 Nxd4 18. Bxd4 Bd7 19. Be2 Bxb5 20. Qxb5 Qb4 21. Qxb4 axb4 22. g4 b3 23. f4 Ra6 24. Kf2 Bb4 25.
Rd1 Ra2 26. Ke1 Kd7 27. h4 Rda8 28. Bf3 Kc6 29. g5 b2 30. Kf2 Bxd2 0-1

[Event "Early-Titled-Tuesday-Blitz-January-16-2024"]
[Site "Chess.com"]
[Date "2024.01.16"]
[Round "3"]
[White "Levanzovsky"]
[Black "Thursday_the_14_th"]
[Result "1-0"]
[WhiteElo "2473"]
[BlackElo "2633"]
[TimeControl "180+1"]
[EndTime "8:28:28 PST"]
[Termination "Levanzovsky won by checkmate"]

1. c4 e5 2. Nc3 Bb4 3. Qc2 Nf6 4.
Nf3 Bxc3 5. bxc3 Nc6 6. e4 d6 7. d3 O-O 8. g3 h6 9. Bg2 Nh7 10. O-O f5 11. exf5 Bxf5 12. Nh4 Be6 13. Rb1 Rb8 14.
Be3 Ng5 15. Qe2 Qf6 16. f4 Nh3+ 17. Kh1 exf4 18. Bxf4 Nxf4 19. Rxf4 Qe5 20. Re4 Qxc3 21. Rxe6 Ne5 22. Ng6 Nxg6 23. Rxg6 Kh8 24. Rf1 Rxf1+ 25. Qxf1 Re8 26. Be4 Qe5 27. Qf7 Rg8 28. Rxh6+ gxh6 29. Qh7# 1-0

[Event "Early-Titled-Tuesday-Blitz-January-16-2024"]
[Site "Chess.com"]
[Date "2024.01.16"]
[Round "3"]
[White "emeli_chess"]
[Black "ChessGiantYouTube"]
[Result "0-1"]
[WhiteElo "2447"]
[BlackElo "2201"]
[TimeControl "180+1"]
[EndTime "8:28:28 PST"]
[Termination "ChessGiantYouTube won by resignation"]

1. d4 g6 2. c4 Bg7 3. Nc3 d6 4. e4 e6 5. f3 h6 6. Be3 Ne7 7. Qd2 b6 8. Bd3 Nd7 9. Nge2 Bb7 10. O-O Nc6 11. a3 e5 12. d5 Ne7 13. b4 f5 14.
exf5 gxf5 15. f4 e4 16. Bc2 Nf6 17. Nd4 Bc8 18. h3 O-O 19. g3 Kh7 20. Kh2 Rg8 21. Rg1 h5 22. Rg2 Bh6 23. Rh1 Bd7 24. Kg1 Rg6 25.
Nde2 Qg8 26. Rhh2 Qg7 27. Bd4 Rg8 28. Nd1 h4 29. g4 fxg4 30. hxg4 Rxg4 31. Bxe4+ Nxe4 32. Bxg7 Nxd2 33. Rxg4 Bxg4 34. Bxh6 Nf3+ 35. Kf2 Nxh2 36.
Bg5 Nf5 37. Ndc3 Bxe2 38. Nxe2 Ng4+ 39. Kf3 Ngh6 40. Ng1 Nf7 41. Nh3 Nxg5+ 42. Nxg5+ Rxg5 43. fxg5 Kg6 44. Kg4 h3 45. Kxh3 Kxg5 46. Kg2 Ne3+ 47. Kf3 Nxc4 48. Ke4 Nxa3 0-1

[Event "Early-Titled-Tuesday-Blitz-January-16-2024"]
[Site "Chess.com"]
[Date "2024.01.16"]
[Round "3"]
[White "FMCarmona"]
[Black "Brahianzevich"]
[Result "0-1"]
[WhiteElo "2180"]
[BlackElo "2416"]
[TimeControl "180+1"]
[EndTime "8:28:28 PST"]
[Termination "Brahianzevich won on time"]

1. e4 c5 2. Nf3 d6 3. d4 cxd4 4. Nxd4 Nf6 5. Nc3 a6 6. Be3 Ng4 7. Bg5 h6 8. Bh4 g5 9. Bg3 Bg7 10. Qd2 Nc6 11. Nb3 Nge5 12. O-O-O Be6 13. h4 g4 14. Kb1 Rc8 15. Nd5 O-O 16. Be2 f5 17. f4 gxf3 18. gxf3 fxe4 19. fxe4 Nf3 20. Bxf3 Rxf3 21. Rhg1 Kh8 22. Bf4 Qf8 23. Rdf1 Ne5 24. Qc1 Bxd5 25. exd5 Nd3 26. cxd3 Rxc1+ 0-1

[Event "Early-Titled-Tuesday-Blitz-January-16-2024"]
[Site "Chess.com"]
[Date "2024.01.16"]
[Round "3"]
[White "jinbojinbo"]
[Black "platy3"]
[Result "0-1"]
[WhiteElo "2634"]
[BlackElo "2884"]
[TimeControl "180+1"]
[EndTime "8:28:30 PST"]
[Termination "platy3 won by resignation"]

1. e4 c5 2. Nf3 e6 3. d4 cxd4 4.
Nxd4 Nc6 5. Nc3 Qc7 6. Be3 a6 7. Be2 Nf6 8. O-O Be7 9. f4 d6 10. Kh1 O-O 11. Qe1 Nxd4 12. Bxd4 b5 13. a3 Bb7 14. Qg3 Bc6 15. Rae1 Qb7 16. Bd3 b4 17. Nd1 a5 18. Nf2 Nh5 19. Qg4 g6 20. f5 e5 21.
Be3 Nf6 22. Qh3 d5 23. exd5 Bxd5 24. Bh6 Rfe8 25. fxg6 hxg6 26. Bg5 Nh7 27. Bxe7 Rxe7 28. Ne4 f5 29. Nd6 Qc6 30. Nxf5 gxf5 31. Bxf5 Rg7 32. Rf2 Ng5 33. Qh5 Rf8 34. Ref1 Rxf5 35. Rxf5 Bxg2+ 36. Kg1 Nh3+ 0-1

[Event "Early-Titled-Tuesday-Blitz-January-16-2024"]
[Site "Chess.com"]
[Date "2024.01.16"]
[Round "3"]
[White "ilushka"]
[Black "PolandHussars"]
[Result "0-1"]
[WhiteElo "2342"]
[BlackElo "2586"]
[TimeControl "180+1"]
[EndTime "8:28:30 PST"]
[Termination "PolandHussars won on time"]

1. Nf3 d5 2. g3 Nc6 3. d4 Bf5 4. Bg2 Qd7 5. c4 dxc4 6. Qa4 Nf6 7. Qxc4 e6 8. O-O Rd8 9. Rd1 Be7 10. Nc3 Na5 11.
Qb5 Qxb5 12. Nxb5 c6 13. Nc3 O-O 14. Bf4 Nc4 15. b3 Bb4 16. Na4 Nb6 17. Nxb6 axb6 18.
Bc7 Ra8 19. Rdc1 b5 20. Nh4 Be4 21. f3 Bg6 22. Nxg6 hxg6 23. e4 Bd2 24. Rd1 Bc3 25.
Rac1 Bb2 26. Rc2 Rxa2 27. Kf1 Ra1 28. Rxa1 Bxa1 29. Bb6 Ra8 30. Ke2 Nd7 31. Bc5 Nxc5 32. dxc5 Ra3 33. b4 Bc3 0-1

[Event "Early-Titled-Tuesday-Blitz-January-16-2024"]
[Site "Chess.com"]
[Date "2024.01.16"]
[Round "3"]
[White "MidnightFox"]
[Black "Nuvas"]
[Result "0-1"]
[WhiteElo "2499"]
[BlackElo "2792"]
[TimeControl "180+1"]
[EndTime "8:28:31 PST"]
[Termination "Nuvas won by resignation"]

1. d4 d5 2. c4 c6 3. Nf3 Nf6 4. Nc3 e6 5. Bg5 Nbd7 6. cxd5 exd5 7. e3 Bd6 8. Bd3 O-O 9. Qc2 Qc7 10. h4 h6 11. O-O-O Re8 12. Rdg1 hxg5 13. hxg5 Ne4 14. Nxe4 dxe4 15. Bxe4 Nb6 16. Rh4 Be6 17. Rgh1 Kf8 18. Rh7 Nd5 19. a3 c5 20. Bxd5 Bxd5 21. Rxg7 cxd4 22.
Rhh7 Qxc2+ 23. Kxc2 Be4+ 24. Kd2 Bxh7 25. Rxh7 dxe3+ 26. fxe3 Bc5 27. g6 Rad8+ 28. Kc2 fxg6 29. Rxb7 Bxe3 30. Nh4 Re6 31. g4 Rd2+ 32. Kb3 Rb6+ 33.
Rxb6 axb6 34. g5 Bxg5 35. Nxg6+ Kf7 36. Ne5+ Ke6 37. Nc4 0-1

[Event "Early-Titled-Tuesday-Blitz-January-16-2024"]
[Site "Chess.com"]
[Date "2024.01.16"]
[Round "3"]
[White "FM_VS99"]
[Black "Elsa167"]
[Result "0-1"]
[WhiteElo "2516"]
[BlackElo "2832"]
[TimeControl "180+1"]
[EndTime "8:28:33 PST"]
[Termination "Elsa167 won by resignation"]

1. d4 Nf6 2. Nf3 g6 3. g3 Bg7 4.
c4 O-O 5. Bg2 d6 6. O-O Nbd7 7.
Nc3 e5 8. e4 exd4 9. Nxd4 Re8 10. h3 Nc5 11. Qc2 Nfxe4 12. Nxe4 Nxe4 13. Rd1 Nc5 14. Be3 a5 15. Nb5 Bf5 16. Qd2 Qe7 17. Bxc5 dxc5 18. Re1 Be6 19. Bxb7 Rad8 20. Qxa5 Bxb2 21.
Rab1 Bd4 22. Qxc7 Rd7 23. Qc6 Rxb7 24. Nxd4 Rxb1 25. Rxb1 cxd4 26. Rb7 Qf8 0-1

[Event "Early-Titled-Tuesday-Blitz-January-16-2024"]
[Site "Chess.com"]
[Date "2024.01.16"]
[Round "3"]
[White "LuminaryHunter"]
[Black "CristianS27"]
[Result "0-1"]
[WhiteElo "2332"]
[BlackElo "2614"]
[TimeControl "180+1"]
[EndTime "8:28:33 PST"]
[Termination "CristianS27 won by resignation"]

1. e4 e5 2. Nc3 Nf6 3. Nf3 Nc6 4.
Bb5 Bb4 5. O-O O-O 6. Re1 d6 7. a3 Bc5 8. h3 Nd4 9. Bc4 c6 10.
d3 a5 11. Bg5 h6 12. Bh4 Be6 13. Kh1 Bxc4 14. dxc4 Qe7 15. Nxd4 Bxd4 16. Qd3 Qe6 17. Bg3 Nh5 18. Bh2 Bxf2 19. Rf1 Bc5 20. Rf5 Qg6 21.
Raf1 Rae8 22. Qf3 Nf4 23. Bxf4 exf4 24. Rxf4 Bd4 25. Rg4 Qe6 26. Ne2 Bxb2 27. c3 f5 28. Nd4 fxg4 29. Qxf8+ Rxf8 30. Rxf8+ Kxf8 31. Nxe6+ Ke7 32. Nxg7 gxh3 33. gxh3 Kf6 34. Nf5 Ke5 35. Nxh6 Bxa3 36. Kg2 Bc1 37. Kf3 Bxh6 0-1

[Event "Early-Titled-Tuesday-Blitz-January-16-2024"]
[Site "Chess.com"]
[Date "2024.01.16"]
[Round "3"]
[White "deepfear"]
[Black "Mikhail_Golubev"]
[Result "0-1"]
[WhiteElo "1931"]
[BlackElo "2545"]
[TimeControl "180+1"]
[EndTime "8:28:33 PST"]
[Termination "Mikhail_Golubev won on time"]

1. e4 c5 2. Nc3 Nc6 3. f4 g6 4.
Bc4 Bg7 5. Nf3 e6 6. f5 Nge7 7. fxg6 hxg6 8. d3 d5 9. Bb5 d4 10. Bxc6+ Nxc6 11. Ne2 e5 12. Bg5 f6 13. Bh4 Bg4 14.
Bg3 Qd7 15. Rf1 O-O-O 16. a4 Bh6 17. a5 Be3 18. h3 Bh5 19. Neg1 f5 20. Bf2 fxe4 21.
dxe4 Bxf3 22. Nxf3 Bf4 23. Qd3 Qe6 24. a6 b6 25. b3 Nb4 26. Qe2 d3 27. Qd1 Nxc2+ 0-1

[Event "Early-Titled-Tuesday-Blitz-January-16-2024"]
[Site "Chess.com"]
[Date "2024.01.16"]
[Round "3"]
[White "Ducke13"]
[Black "stratacticos"]
[Result "0-1"]
[WhiteElo "2337"]
[BlackElo "1984"]
[TimeControl "180+1"]
[EndTime "8:28:33 PST"]
[Termination "stratacticos won on time"]

1. d4 Nf6 2. g3 g6 3. Bg2 Bg7 4. e4 O-O 5. Ne2 c5 6. dxc5 Na6 7. O-O Nxc5 8. e5 Ne8 9. f4 d6 10. Be3 Qc7 11. Nbc3 dxe5 12. Nd5 Qd6 13. Nec3 a6 14. b4 Ne6 15. Ne4 Qd8 16. f5 gxf5 17. Rxf5 Nd4 18. Rh5 Nf6 19. Nexf6+ exf6 20. Bxd4 exd4 21. Qd3 f5 22.
Re1 Be6 23. Nf4 Qf6 24. g4 Rac8 25. c4 dxc3 0-1